 Dungeon Crawl Stone Soup version 0.21.1-1-g345015f (webtiles) character file.

221 Kairos the Vexing (level 6, -11/44 HPs)
             Began as a Formicid Arcane Marksman on Mar 27, 2018.
             Mangled by Robin
             ... wielding a +0 whip of electrocution
              (16 damage)
             ... on level 2 of the Dungeon.
             The game lasted 00:05:02 (1322 turns).

Kairos the Vexing (Formicid Arcane Marksman)        Turns: 1322, Time: 00:05:04

Health: -11/44     AC:  9    Str: 16    XL:     6   Next: 18%
Magic:  8/8        EV:  7    Int: 13    God:
Gold:   50         SH:  0    Dex: 11    Spells: 7/8 levels left

rFire    . . .     SeeInvis +   h - +0 whip
rCold    . . .     Gourm    .   (no shield)
rNeg     . . .     Faith    .   g - +0 chain mail
rPois    .         Spirit   .   (helmet unavailable)
rElec    .         Reflect  .   (no cloak)
rCorr    .         Harm     .   (no gloves)
MR       .....                  r - +0 pair of boots
Stlth    ..........             q - amulet of magic regeneration
HPRegen  0.14/turn              (no ring)
MPRegen  0.36/turn              (no ring)

@: very slightly contaminated
A: permanent stasis, dig shafts and tunnels, four strong arms, antennae 3
a: Dig, Shaft Self


You were on level 2 of the Dungeon.
You were not hungry.

You visited 1 branch of the dungeon, and saw 2 of its levels.

You collected 50 gold pieces.

Inventory:

Hand Weapons
 a - a +0 hunting sling
 h - a +0 whip (weapon)
Missiles
 i - 16 stones (quivered)
 p - 3 sling bullets
Armour
 b - a +0 leather armour
 e - a +0 robe
 g - a +0 chain mail (worn)
 r - a +0 pair of boots (worn)
Jewellery
 q - an amulet of magic regeneration (around neck)
Scrolls
 j - a scroll of teleportation {unknown}
 k - a scroll of amnesia {unknown}
 l - 2 scrolls of identify {unknown}
Potions
 n - a potion of ambrosia {unknown}
 o - a potion of degeneration {unknown}
Books
 c - a book of Debilitation

   Spells                             Type                      Level
   a - Corona                         Hexes                        1
   b - Slow                           Hexes                        2
   c - Inner Flame                    Hexes/Fire                   3
   d - Portal Projectile              Hexes/Translocation          3
   e - Cause Fear                     Hexes                        4
   f - Leda's Liquefaction            Hexes/Earth                  4
Comestibles
 f - 3 rations
 m - 5 chunks of flesh


   Skills:
 + Level 2.1 Fighting
 + Level 4.7 Slings
 + Level 1.0 Armour
 + Level 2.0 Dodging
 + Level 1.8 Spellcasting
 + Level 5.0 Hexes


You had 7 spell levels left.
You knew the following spells:

 Your Spells              Type           Power        Failure   Level  Hunger
a - Corona                Hex            ##.....      54%         1    ##.....


Dungeon Overview and Level Annotations

Branches:
Dungeon (2/15)

Altars:

Annotations:
D:2 Robin


Innate Abilities, Weirdness & Mutations

You cannot be hasted, slowed, berserked, paralysed or teleported.
You can dig through walls and to a lower floor.
Your four strong arms can wield two-handed weapons with a shield.
You have a pair of large antennae on your head. (SInv)


Message History

Robin is heavily wounded.
The goblin hits you but does no damage. The goblin hits you with a club.
You hit Robin but do no damage.
Robin is heavily wounded.
The goblin hits you but does no damage. Robin hits you but does no damage.
The goblin hits you with a dagger.
* * * LOW HITPOINT WARNING * * *
The goblin barely misses you.
You closely miss Robin.
Robin is heavily wounded.
The goblin no longer looks unusually strong.
Robin hits you with a whip of electrocution.
* * * LOW HITPOINT WARNING * * *
The goblin completely misses you. The goblin barely misses you.
You closely miss Robin.
Robin is heavily wounded.
Robin hits you with a whip of electrocution.
* * * LOW HITPOINT WARNING * * *
You are electrocuted!
You die...

#...........# # #......##<#.#
#.######......##.#.#
#.#...##......##...#
.....##...)..####.#
#...####.##.####.# #†#
#.##......# #g# #.#######.#
##@#####.# #.#
#gg...)..#######.#
#..####..#.......#
#..##.........####
#######.....#..#..#.#
#.#######..g..)..#........#.#
#.......g..{###..##.#...#.#.#
...##.........#.........#.#.#
#. #.####.##.##.##.#.......#


You could see Robin and 2 goblins.

Vanquished Creatures
  Sigmund (D:2)
  An adder (D:2)
  2 dart slugs (D:1)
  A leopard gecko (D:1)
  A ball python (D:1)
  3 bats
  5 giant cockroaches
  12 goblins
  4 hobgoblins
  3 kobolds
  3 frilled lizards (D:1)
  6 rats
42 creatures vanquished.

Notes
Turn   | Place    | Note
-------+----------+-------------------------------------------
     0 | D:1      | Kairos the Formicid Arcane Marksman began the quest for the Orb.
     0 | D:1      | Reached XP level 1. HP: 15/15 MP: 2/2
    59 | D:1      | Reached skill level 4 in Hexes
    81 | D:1      | Reached XP level 2. HP: 21/21 MP: 3/3
   344 | D:1      | Reached XP level 3. HP: 26/26 MP: 2/4
   761 | D:2      | Noticed Sigmund
   780 | D:2      | Killed Sigmund
   780 | D:2      | Reached skill level 1 in Armour
   780 | D:2      | Reached XP level 4. HP: 25/33 MP: 3/6
   780 | D:2      | Reached XP level 5. HP: 29/38 MP: 3/7
   780 | D:2      | Reached XP level 6. HP: 33/44 MP: 3/8
  1036 | D:2      | Reached skill level 5 in Hexes
  1064 | D:2      | Noticed Robin
  1322 | D:2      | Mangled by Robin

Skill      XL: |  1  2  3  4  5  6 |
---------------+-------------------+-----
Hexes          | 4 5 |  5.0
Dodging        | 2 |  2.0
Fighting       | 2 |  2.1
Slings         | 4 |  4.7
Armour         | 1 |  1.0
Spellcasting   | |  1.8

Action                   |  1- 3 |  4- 6 || total
-------------------------+-------+-------++-------
Melee: Whip              |       |    48 ||    48
 Fire: Hunting sling     |    78 |    11 ||    89
 Cast: Corona            |     3 |     2 ||     5
  Use: Potion            |       |     1 ||     1
  Eat: Chunk             |       |     2 ||     2
Armor: Chain mail        |    13 |    45 ||    58
Dodge: Dodged            |    11 |    30 ||    41
